 Dungeon Crawl Stone Soup version 0.30.1-11-g7821555f0a (webtiles) character file.

Game seed: 17195250873188811712

746 PaiMei the Grave Robber (level 7, -13/53 HPs)
             Began as a Demonspawn Necromancer on Jan 10, 2024.
             Mangled by a slime creature (19 damage)
             ... on level 5 of the Dungeon.
             The game lasted 00:09:08 (7246 turns).

PaiMei the Grave Robber (Demonspawn Necromancer)    Turns: 7246, Time: 00:09:08

Health: -13/53     AC:  4    Str:  8    XL:     7   Next: 48%
Magic:  9/13       EV: 13    Int: 19    God:
Gold:   224        SH:  4    Dex: 13    Spells: 6/14 levels left

rFire   . . .        d - +0 dagger (drain)
rCold   . . .        (no shield)
rNeg    . . .        a - +0 robe
rPois   .            (no helmet)
rElec   .            (no cloak)
rCorr   .            (no gloves)
SInv    .            (no boots)
Will    .....        (no amulet)
Stlth   ++           (no ring)
HPRegen 0.28/turn    (no ring)
MPRegen 0.13/turn

%: no passive effects
@: no status effects
A: yellow scales 1, powered by death 2, condensation shield, demonic touch 1
a: no special abilities


You were on level 5 of the Dungeon.
You visited 1 branch of the dungeon, and saw 5 of its levels.

You collected 224 gold pieces.

Inventory:

Hand Weapons
 d - a +0 dagger of draining (weapon)
 v - a +1 spear of flaming
Missiles
 f - a throwing net
 k - 27 poisoned darts (quivered)
Armour
 a - a +0 robe (worn)
 h - a +2 tower shield
 r - a +2 kite shield
Jewellery
 s - an amulet of faith
 x - a ring of see invisible
 A - an amulet of regeneration
Wands
 C - a wand of digging (9)
Scrolls
 c - a scroll of fear {unknown}
 g - a scroll of fog {unknown}
 i - 2 scrolls of identify {unknown}
 l - 2 scrolls of immolation {unknown}
 m - 2 scrolls of enchant armour {unknown}
 o - 2 scrolls of teleportation {unknown}
 w - a scroll of magic mapping {unknown}
 y - a scroll of poison {unknown}
 B - 2 scrolls of noise {unknown}
Potions
 b - 2 potions of magic
 e - a potion of cancellation {unknown}
 j - 2 potions of lignification {unknown}
 n - a potion of might {unknown}
 p - a potion of invisibility {unknown}
 q - a potion of haste {unknown}
 t - a potion of berserk rage {unknown}
 u - a potion of degeneration {unknown}
 z - a potion of heal wounds {unknown}
 D - 2 potions of curing {unknown}
 E - a potion of mutation {unknown}


   Skills:
 + Level 3.7 Fighting
 + Level 4.1 Dodging
 - Level 2.0 Stealth
 + Level 4.2 Spellcasting
 + Level 6.3 Necromancy


You had 6 spell levels left.
You knew the following spells:

 Your Spells              Type           Power      Damage    Failure   Level
a - Necrotise             Necr           100%       1d9       1%          1
b - Vampiric Draining     Necr           28%        2d8       3%          3
c - Animate Dead          Necr           28%        N/A       10%         4

Your spell library contained the following spells:

 Spells                   Type           Power      Damage    Failure   Level
 Cigotuvi's Dreadful Rot  Necr/Pois/Air  24%        N/A       9%          2
 Magic Dart               Conj           16%        1d3       14%         1
 Shock                    Conj/Air       16%        1d4       14%         1
 Searing Ray              Conj           8%         2d4       21%         2
 Agony                    Necr           28%        N/A       28%         5
 Ignite Poison            Fire/Tmut/Pois 4%         N/A       38%         3
 Swiftness                Air            4%         N/A       38%         3
 Airstrike                Air            2%         2d(1-17)  80%         4
 Fulminant Prism          Conj/Hex       2%         3d5       80%         4
 Freezing Cloud           Conj/Ice/Air   2%         6-21      98%         5


Dungeon Overview and Level Annotations

Branches:
Dungeon (5/15)
 Temple: D:4-7

Altars:


Innate Abilities, Weirdness & Mutations

You are partially covered in yellow scales. (AC +2)
You regenerate health from kills.
A meltable shield of frost defends you. (SH +4)
Your touch may inflict minor irresistible damage on your foes.


Message History

The slime creature struggles to resist.
The endoplasm hits the fungus.
The slime creature attacks as you move away!
The slime creature hits you!!
The endoplasm hits the fungus.
Casting: Necrotise (safe; 1% risk of failure)
Confirm with . or Enter, or press ? or * to list all spells.
Aiming: Necrotise (safe; 1% risk of failure)
Press: ? - help, Shift-Dir - straight line, f - slime creature
Aim: a slime creature (chance to affect: 70%)
The slime creature writhes in agony!
The slime creature hits you!
Casting: Necrotise (safe; 1% risk of failure)
Confirm with . or Enter, or press ? or * to list all spells.
Aiming: Necrotise (safe; 1% risk of failure)
Press: ? - help, Shift-Dir - straight line, f/p - slime creature
Aim: a slime creature (lightly wounded, chance to affect: 70%)
The slime creature writhes in agony!
The slime creature hits you!
* * * LOW HITPOINT WARNING * * *
Casting: Necrotise (safe; 1% risk of failure)
Confirm with . or Enter, or press ? or * to list all spells.
Aiming: Necrotise (safe; 1% risk of failure)
Press: ? - help, Shift-Dir - straight line, f/p - slime creature
Aim: a slime creature (moderately wounded, chance to affect: 70%)
The slime creature struggles to resist.
The slime creature misses you.
The slime creature attacks as you move away!
You block the slime creature's attack.
There is an open door here.
The slime creature attacks as you move away!
The slime creature hits you.
* * * LOW HITPOINT WARNING * * *
Things that are here:
a +0 dagger; a +0 short sword; a kobold corpse The slime creature attacks as you move away!
The slime creature barely misses you.
The slime creature jiggles.
The slime creature attacks as you move away!
The slime creature barely misses you.
The slime creature attacks as you move away!
The slime creature completely misses you.
The slime creature attacks as you move away!
The slime creature hits you!!
You die...

...# ### .........# ###
#....#.#.### !...J.##.#######
.....#....>#
.P...P#.#J#....#####.##.#.#.#.#
J....÷#.#.#.....##.#.##.#.#.#.#
.÷÷..P#J#'#......'.#.##...#.#.#
÷..J..#.#.)J.J.J@'.).##...#.#.#
....PJ#J#........'.#.#<).)..#.##
÷...JJ#J#.......##.#.###.......#
....JJ.##......#####..........###
..÷...############...............
###### ####.......#..##.###
#.......#.##..##.#
.....###...#........#
########...#..#..####


You could see a slime creature, a jelly and an endoplasm.

Vanquished Creatures
  4 kobold brigands (D:5)
  A hound (D:4)
  2 orc priests
  A gnoll bouda (D:3)
  A sleepcap (D:4)
  An iguana (D:5)
  2 orc wizards
  5 adders
  10 gnolls
  2 worms
  6 dart slugs
  9 orcs
  5 bats
  4 endoplasms
  5 giant cockroaches
  6 goblins
  2 hobgoblins
  9 kobolds
  4 quokkas
  A ball python (D:1)
  10 frilled lizards
  5 rats
95 creatures vanquished.

Vanquished Creatures (collateral kills)
  2 gnolls
  A worm (D:2)
3 creatures vanquished.

Grand Total: 98 creatures vanquished

Notes
Turn   | Place    | Note
-------+----------+-------------------------------------------
     0 | D:1      | PaiMei the Demonspawn Necromancer began the quest for the
                  | Orb.
     0 | D:1      | Reached XP level 1. HP: 13/13 MP: 3/3
   389 | D:1      | Gained mutation: You regenerate a little health from kills.
                  | [demonic ancestry]
   389 | D:1      | Reached XP level 2. HP: 19/19 MP: 1/5
  1310 | D:2      | Gained mutation: You are partially covered in yellow
                  | scales. (AC +2) [demonic ancestry]
  1310 | D:2      | Reached XP level 3. HP: 25/25 MP: 2/6
  1501 | D:1      | Reached skill level 1 in Fighting
  1773 | D:2      | Gained mutation: You regenerate health from kills. [demonic
                  | ancestry]
  1773 | D:2      | Reached XP level 4. HP: 24/32 MP: 5/7
  2353 | D:2      | Reached skill level 5 in Necromancy
  2406 | D:2      | You fall into a shaft and drop 2 floors!
  2744 | D:4      | Gained mutation: Your touch may inflict minor irresistible
                  | damage on your foes. [demonic ancestry]
  2744 | D:4      | Reached XP level 5. HP: 38/38 MP: 3/9
  4350 | D:2      | Gained mutation: A meltable shield of frost defends you.
                  | (SH +4) [demonic ancestry]
  4350 | D:2      | Reached XP level 6. HP: 38/46 MP: 7/11
  4510 | D:2      | Learned a level 3 spell: Vampiric Draining
  4515 | D:2      | Learned a level 4 spell: Animate Dead
  5878 | D:5      | Entered Level 5 of the Dungeon
  5916 | D:5      | Noticed a water moccasin
  6570 | D:5      | Reached skill level 6 in Necromancy
  6570 | D:5      | Reached XP level 7. HP: 48/52 MP: 2/12
  7221 | D:5      | Noticed a slime creature
  7246 | D:5      | Mangled by a slime creature

Illustrated notes

Levels and vault maps discovered:
D:1:      eino_arrival_water_star, layout_loops_corners,
          amcnicky_mini_pool_small
D:2:      layout_loops_ring
D:3:      layout_basic, grunt_decor_resistance, minmay_lizard_king
D:4:      layout_cave_pools
D:5:      cheibrodos_fertilizer, layout_basic, minmay_temple_entry_fiery,
          chequers_serial_rivers_room_a

Skill      XL: |  1  2  3  4  5  6  7 |
---------------+----------------------+-----
Stealth        | 2 |  2.0
Dodging        | 2 3 4 |  4.1
Fighting       | 1 2 3 |  3.7
Necromancy     | 5 6 |  6.3
Spellcasting   | 3 4 |  4.2

Action                     |  1- 3 |  4- 6 |  7- 9 || total
---------------------------+-------+-------+-------++-------
  Melee: Unarmed           |     1 |       |       ||     1
         Dagger            |    30 |    38 |     2 ||    70
         Touch             |       |     4 |     1 ||     5
         Punch             |       |     1 |       ||     1
   Cast: Necrotise         |    39 |   162 |     9 ||   210
         Vampiric Draining |       |     4 |     9 ||    13
   Stab: Distracted        |     1 |       |       ||     1
 Armour: Robe              |     9 |    29 |     2 ||    40
  Dodge: Dodged            |    42 |    58 |     6 ||   106
  Block: Other             |       |     7 |     3 ||    10
